 Dungeon Crawl Stone Soup version 0.22-a0-422-g9628fc8 (webtiles) character file.

153 Anon1729 the Ducker (level 5, 0/22 HPs)
             Began as a Felid Earth Elementalist on May 18, 2018.
             Slain by an orc
             ... wielding a +0 trident
              (7 damage)
             ... on level 4 of the Dungeon.
             The game lasted 00:06:06 (3459 turns).

Anon1729 the Ducker (Felid Earth Elementalist)      Turns: 3459, Time: 00:06:07

Health: 0/22       AC:  1    Str:  4    XL:     5   Next: 12%
Magic:  1/19       EV: 19    Int: 17    God:
Gold:   104        SH:  0    Dex: 17    Spells: 4/10 levels left
                                        Lives:  0   Deaths: 1

rFire    . . .     SeeInvis +     - Unarmed
rCold    . . .     Gourm    .   (shield unavailable)
rNeg     . . .     Faith    .   (armour unavailable)
rPois    .         Spirit   .   (helmet unavailable)
rElec    .         Reflect  .   (cloak unavailable)
rCorr    .         Harm     .   (gloves unavailable)
MR       .....                  (boots unavailable)
Stlth    +++.......             h - amulet of regeneration
HPRegen  0.47/turn              k - ring of magical power
MPRegen  0.16/turn              (no ring)

@: quick
A: very small, no armour, no weapons or thrown items, stealth, claws 1, fangs 3,
see invisible, carnivore, speed 1, shaggy fur 1, slow metabolism 1, sharp paws
a: no special abilities


You were on level 4 of the Dungeon.
You were full.

You visited 1 branch of the dungeon, and saw 4 of its levels.

You collected 104 gold pieces.

Inventory:

Missiles
 b - 70 stones
Jewellery
 h - an amulet of regeneration (around neck)
 k - a ring of magical power (left paw)
Wands
 f - a wand of flame (34)
Scrolls
 d - 4 scrolls of remove curse {unknown}
 e - a scroll of fog {unknown}
 g - a scroll of identify {unknown}
 i - a scroll of amnesia {unknown}
 j - 2 scrolls of enchant weapon {unknown}
 l - 3 scrolls of teleportation {unknown}
 n - a scroll of fear {unknown}
Potions
 a - 2 potions of lignification {unknown}
 m - a potion of might {unknown}
Comestibles
 c - 8 rations


   Skills:
 + Level 1.6 Fighting
 + Level 3.9 Dodging
 + Level 3.6 Stealth
 + Level 1.5 Unarmed Combat
 * Level 3.1 Spellcasting
 - Level 1.1 Transmutations
 * Level 3.7 Earth Magic


You had 4 spell levels left.
You knew the following spells:

 Your Spells              Type           Power        Failure   Level  Hunger
a - Sandblast             Erth           ###...       3%          1    None
b - Stone Arrow           Conj/Erth      #.....       24%         3    ###....
c - Passwall              Tmut/Erth      ##........   10%         2    ##.....

Your spell library contained the following spells:

 Spells                   Type           Power        Failure   Level  Hunger
 Lee's Rapid Deconstruct  Erth           ###.......   71%         5    ######.
 Petrify                  Tmut/Erth      ##......     54%         4    ####...


Dungeon Overview and Level Annotations

Branches:
Dungeon (4/15)
 Temple: D:4-7

Altars:
Wu Jian

Annotations:
D:2 Terence


Innate Abilities, Weirdness & Mutations

You cannot wear armour.
You are incapable of wielding weapons or throwing items.
Your paws allow you to move quietly. (Stealth)
You have sharp claws.
You have razor-sharp teeth.
You have supernaturally acute eyesight. (SInv)
You are carnivorous and can eat meat at any time.
You cover ground quickly.
You are covered in fur. (AC +1)
You have a slow metabolism.
Your sharp claws are effective at attacking unaware monsters.


Message History

The orc hits you with a mace. The orc hits you but does no damage.
Casting: Sandblast (safe; 3% risk of failure)
Confirm with . or Enter, or press ? or * to list all spells.
You don't have enough magic to cast that spell.
Unknown command.
Casting: Sandblast (safe; 3% risk of failure)
Confirm with . or Enter, or press ? or * to list all spells.
You don't have enough magic to cast that spell.
Unknown command.
The orc completely misses you.
There is an open door here.
You scratch the orc.
You kill the orc!
The orc closely misses you.
You closely miss the orc. The orc hits you with a trident!
Ouch! That really hurt!
* * * LOW HITPOINT WARNING * * *
You are too injured to fight recklessly!
The orc hits you from afar with a trident!
You die...

......+..........#
......#..........#######
......#..........#.....##
......#..........#......#
......'..........#......#
......#..........#......#
#######.....######)..%.#
............#...#)o....##
............#...@........
............#...###+#####
............#...#
............#...#
###+###.....#....
#.....#.....
......#.....#.....
......#.....#......
......#.....#####


You could see an orc.

Vanquished Creatures
  A crimson imp (D:4)
  An orc wizard (D:4)
  An iguana (D:4)
  A worker ant (D:4)
  3 adders
  2 worms
  2 leopard geckos
  6 orcs (D:4)
  4 giant cockroaches
  4 goblins
  7 hobgoblins
  6 jackals
  4 kobolds
  A quokka (D:4)
  5 bats
  5 frilled lizards
  4 rats
57 creatures vanquished.

Notes
Turn   | Place    | Note
-------+----------+-------------------------------------------
     0 | D:1      | Anon1729 the Felid Earth Elementalist began the quest for the Orb.
     0 | D:1      | Reached XP level 1. HP: 7/7 MP: 4/4
   761 | D:1      | Reached XP level 2. HP: 6/11 MP: 6/6
  1364 | D:1      | Learned a level 2 spell: Passwall
  1519 | D:1      | You fall through a shaft!
  1766 | D:2      | Reached XP level 3. HP: 12/15 MP: 7/7
  1790 | D:2      | Found an ornate altar of the Wu Jian Council.
  1807 | D:2      | Learned a level 3 spell: Stone Arrow
  2527 | D:2      | Noticed Terence
  3117 | D:4      | Reached skill level 1 in Fighting
  3117 | D:4      | Reached skill level 1 in Unarmed Combat
  3117 | D:4      | Reached XP level 4. HP: 19/19 MP: 8/8
  3156 | D:4      | Slain by an orc
  3157 | D:4      | Reached XP level 3. HP: -1/15 MP: 8/17
  3221 | D:4      | Reached XP level 4. HP: 19/19 MP: 9/9
  3453 | D:4      | Reached XP level 5. HP: 22/22 MP: 1/10
  3459 | D:4      | Slain by an orc

Vault maps used:
D:1:      ncdulo_halloftheorcs
D:2:      lemuel_round_altar, first_ration, uniq_crazy_yiuf_cottage,
          uniq_terence
D:4:      portal_sewer_entry_a

Skill      XL: |  1  2  3  4 |
---------------+-------------+-----
Dodging        | 3 |  3.9
Earth Magic    | 3 |  3.7
Stealth        | 3 |  3.6
Fighting       | 1 |  1.6
Unarmed Combat | 1 |  1.5
Spellcasting   | 3 |  3.1
Transmutations | |  1.1

Action                   |  1- 3 |  4- 6 || total
-------------------------+-------+-------++-------
Melee: Unarmed           |   121 |    29 ||   150
       Bite              |    15 |     4 ||    19
 Cast: Sandblast         |    35 |    32 ||    67
       Stone Arrow       |     4 |       ||     4
       Passwall          |       |     5 ||     5
 Stab: Sleeping          |     9 |       ||     9
  Eat: Chunk             |    11 |     3 ||    14
Armor: Skin              |    11 |     3 ||    14
Dodge: Dodged            |   124 |    52 ||   176

Table legend:
 A = Spawn XP
 B = Non-spawn XP
 C = Spawn XP percentage of total XP
 D = Spawn monster count
 E = Non-spawn monster count
 F = Spawn count percentage of total count
 G = Total turns spent on level
                    A         B        C        D         E        F      G
               +---------+---------+-------+---------+---------+-------+---------
         Total |       0 |     303 |   0.0 |       0 |      57 |   0.0 |  3459
               +---------+---------+-------+---------+---------+-------+---------
           D:1 |       0 |      26 |   0.0 |       0 |      16 |   0.0 |  1519
           D:2 |       0 |      48 |   0.0 |       0 |      20 |   0.0 |  1076
           D:3 |       0 |       8 |   0.0 |       0 |       4 |   0.0 |   495
           D:4 |       0 |     221 |   0.0 |       0 |      17 |   0.0 |   369
               +---------+---------+-------+---------+---------+-------+---------
